 Dungeon Crawl Stone Soup version 0.20.1-1-g8b1a95d (console) character file.

107933 hilaritas the Fencer (level 16, -61/240 HPs)
             Began as a Deep Dwarf Berserker on Oct 28, 2017.
             Was a High Priest of Trog.
             Annihilated by a titanic slime creature (73 damage)
             ... on level 2 of the Swamp.
             The game lasted 01:25:54 (22448 turns).

hilaritas the Fencer (Deep Dwarf Berserker)        Turns: 22448, Time: 01:25:55

Health: -61/240    AC: 26    Str: 31    XL:     16   Next: 1%
Magic:  7/7        EV:  9    Int: 12    God:    Trog [*****.]
Gold:   684        SH:  0    Dex: 12    Spells: 15/15 levels left

rFire    + . .     SeeInvis +   J - +8 great sword (freeze)
rCold    . . .     Gourm    .   (shield currently unavailable)
rNeg     + . .     Faith    +   s - +0 crystal plate armour
rPois    +         Spirit   .   G - +2 hat
rElec    .         Reflect  .   O - scarf {repulsion}
rCorr    .         Harm     .   o - +0 pair of gloves
MR       ++++.                  g - +0 pair of boots
Stlth    ..........             U - amulet of faith
Regen    1.0/turn               r - ring of see invisible
MPRegen  0.1/turn               w - ring of poison resistance

@: berserking, non-regenerating, repel missiles, very quick
A: damage resistance, heal wounds, talons 1, clever 1, fire resistance 1,
negative energy resistance 1, sense surroundings 2, wild magic 1, no
regeneration
a: Heal Wounds, Berserk, Trog's Hand, Brothers in Arms, Burn Spellbooks,
Renounce Religion


You were on level 2 of the Swamp.
You worshipped Trog.
Trog was extremely pleased with you.
You were near starving.

You visited 4 branches of the dungeon, and saw 25 of its levels.
You also visited: Labyrinth and Ice Cave.

You collected 3991 gold pieces.
You spent 3307 gold pieces at shops.

Inventory:

Hand Weapons
 q - the +3 falchion of Qetymihe {flame, Dex+4}
   (You found it on level 1 of the Lair of Beasts)

   It has been specially enchanted to burn those struck by it, causing extra
   injury to most foes and up to half again as much damage against particularly
   susceptible opponents.
   Big, fiery blades are also staple armaments of hydra-hunters.
   It affects your dexterity (+4).
 u - a +7 great sword of slicing
 J - a +8 great sword of freezing (weapon)
Missiles
 y - 5 javelins (quivered)
 T - 4 poisoned javelins
Armour
 g - a +0 pair of boots (worn)
 o - a +0 pair of gloves (worn)
 s - a +0 crystal plate armour (worn)
 G - a +2 hat (worn)
 O - a scarf of repulsion (worn)
Jewellery
 r - a ring of see invisible (left hand)
 w - a ring of poison resistance (right hand)
 x - an uncursed ring of fire
 N - an uncursed ring of ice
 U - an amulet of faith (around neck)
 X - an uncursed ring of protection from magic
Wands
 a - a wand of clouds (5/9)
 e - a wand of iceblast (5/15)
 f - a wand of acid (15/15)
 B - a wand of lightning (11/15)
 D - a wand of flame (29/48)
Scrolls
 i - a scroll of holy word
 l - 13 scrolls of remove curse
 n - 8 scrolls of teleportation
 t - 7 scrolls of fear
 H - 6 scrolls of enchant armour
 I - 5 scrolls of recharging
 L - 2 scrolls of enchant weapon
 R - a scroll of magic mapping
 W - 5 scrolls of identify
 Y - 4 scrolls of blinking
Potions
 b - 4 potions of cancellation
 h - a potion of magic
 j - 4 potions of might
 k - 15 potions of curing
 m - 5 potions of heal wounds
 v - 4 potions of agility
 z - a potion of berserk rage
 A - a potion of ambrosia
 E - 5 potions of haste
 F - 3 potions of mutation
 K - 2 potions of invisibility
 M - a potion of resistance
 P - 2 potions of flight
Books
 C - a book of Debilitation

   Spells                             Type                      Level
   a - Corona                         Hexes                        1
   b - Slow                           Hexes                        2
   c - Inner Flame                    Hexes/Fire                   3
   d - Portal Projectile              Hexes/Translocation          3
   e - Cause Fear                     Hexes                        4
   f - Leda's Liquefaction            Hexes/Earth                  4
   Trog disapproves of the use of such an item.
 Q - a book of Clouds

   Spells                             Type                      Level
   a - Poisonous Vapours              Poison/Air                   2
   b - Mephitic Cloud                 Conjuration/Poison/Air       3
   c - Conjure Flame                  Conjuration/Fire             3
   d - Freezing Cloud                 Conjuration/Ice/Air          6
   e - Ring of Flames                 Charms/Fire                  7
   Trog disapproves of the use of such an item.
 Z - a book of Power

   Spells                             Type                      Level
   a - Iskenderun's Battlesphere      Conjuration/Charms           5
   b - Venom Bolt                     Conjuration/Poison           5
   c - Bolt of Magma                  Conjuration/Fire/Earth       5
   d - Iron Shot                      Conjuration/Earth            6
   e - Orb of Destruction             Conjuration                  7
   f - Spellforged Servitor           Conjuration/Summoning        7
   Trog disapproves of the use of such an item.
Miscellaneous
 p - a box of beasts
 V - a phantom mirror
Comestibles
 c - 22 bread rations
 d - 12 meat rations


   Skills:
 * Level 14.4 Fighting
 - Level 20.0 Long Blades
 + Level 11.4 Armour
 - Level 7.2 Dodging


You had 15 spell levels left.
You didn't know any spells.

Dungeon Overview and Level Annotations

Branches:
Dungeon (15/15)            Temple (0/1) D:4            Lair (6/6) D:8
  Swamp (2/4) Lair:2        Snake (0/4) Lair:4        Slime (0/5) Lair:6
    Orc (2/2) D:12            Elf (0/3) Orc:2        Vaults (0/5) D:13
 Depths (0/5) D:15

Altars:
Dithmenos
Elyvilon
Gozag
Hepliaklqana
Kikubaaqudgha
Makhleb
Ru
Trog
Uskayaw
Zin
Beogh

Shops:
D:6 :!?}*   D:11 %   D:12 [   Orc:2 *([*

Portals:
Hell: Lair:6

Annotations:
Lair:5 exclusion: ice statue


Innate Abilities, Weirdness & Mutations

You are resistant to damage.
You can heal yourself by infusing magical energy.
You resist negative energy. (rN+)
You passively map the area around you.
You do not regenerate.
You have sharp toenails.
Your mind is acute. (Int +2)
Your flesh is heat resistant. (rF+)
Your spells are a little harder to cast, but a little more powerful.


Message History

The titanic slime creature is severely wounded.
The slime creature closely misses you.
Your crystal plate armour prevents you from hitting the titanic slime creature.
The titanic slime creature is severely wounded.
The titanic slime creature hits you!!!
* * * LOW HITPOINT WARNING * * *
You completely miss the titanic slime creature.
The titanic slime creature is severely wounded.
The slime creature hits you but does no damage.
You slash the titanic slime creature! You freeze the titanic slime creature.
The titanic slime creature is almost dead.
The titanic slime creature hits you!!
* * * LOW HITPOINT WARNING * * *
Your crystal plate armour prevents you from hitting the titanic slime creature.
The titanic slime creature is almost dead.
The slime creature hits you but does no damage.
You slash the titanic slime creature! You freeze the titanic slime creature.
The titanic slime creature is almost dead.
The titanic slime creature hits you!!!!
You die...

♣.≈≈...≈≈..........≈.≈..♣♣
..≈≈...≈...≈≈.♣§.≈.≈≈≈≈.♣
..≈...≈≈≈..≈≈.§.≈≈..≈≈≈♣♣
♣♣≈♣..≈.≈..≈≈≈..≈≈.♣≈≈♣♣
.♣♣♣♣♣..≈♣≈≈≈≈...§≈♣.♣♣ ♣♣
♣♣.≈≈.≈.§≈≈.♣.≈♣♣ ♣
♣♣≈≈§≈...≈....♣
♣♣.≈♣.♣...♣..♣
.♣♣.≈≈...(.♣ * ...♣♣..≈≈≈♣
,≈ ♣♣@J.≈♣ , ♣♣J≈.♣ ♣
♣≈≈≈.♣ ♣♣ * ♣.≈≈..♣ .♣
♣.≈..♣♣ ♣♣ ♣.≈..♣ ♣ * *
♣♣.≈.. ♣♣ * *.≈≈≈. .♣
.≈≈≈♣♣ ♣♣ ≈ ♣ *


You could see a titanic slime creature and a slime creature.

Vanquished Creatures
  Saint Roka (Orc:2)
  Rupert (Lair:6)
  A thorn hunter (Swamp:1)
  The ghost of karf the Bludgeoner, a journeyman GrFi of Makhleb (IceCv)
  Azrael (Orc:2)
  A dire elephant (Lair:6)
  2 ettins
  Josephine (Orc:2)
  The ghost of ThereIsNoGod the Basher, a journeyman TrFi of Okawaru (Lair:1)
  A minotaur (Lab)
  The ghost of Thaneod the Cleaver, a journeyman MiFi of Trog (D:9)
  A fire dragon (D:15)
  2 ice dragons (IceCv)
  13 hydras
  7 two-headed ogres
  A death knight (D:12)
  2 centaur warriors (D:15)
  2 alligators
  2 tengu warriors (D:15)
  3 orc high priests (Orc:2)
  A sixfirhy (Lair:6)
  Sonja (Lair:1)
  3 skeletal warriors (D:13)
  3 unseen horrors
  A spriggan druid (Swamp:1)
  2 shambling mangroves (Swamp:2)
  2 swamp dragons
  A wizard (Lair:6)
  3 orc knights
  A manticore (D:12)
  A deep elf mage (D:13)
  14 ugly things
  2 orc sorcerers
  5 cyclopes
  7 black mambas
  2 orange demons (Lair:6)
  A gargoyle (D:14)
  2 ice statues (IceCv)
  The ghost of simples the Shield-Bearer, a novice FoAK of Lugonu (D:5)
  10 spiny frogs
  6 rime drakes
  2 kobold demonologists
  A hellwing (Lair:6)
  4 ice devils
  A red devil (Lair:6)
  3 komodo dragons
  A tengu conjurer (D:14)
  An efreet (D:13)
  9 trolls
  6 polar bears
  3 hornets
  A meliai zombie (D:14)
  9 slime creatures
  3 tyrant leeches
  3 blink frogs (Lair:5)
  3 bog bodies
  10 hippogriffs
  3 shadows
  A spriggan (D:7)
  5 wraiths (Orc:2)
  A vampire (D:13)
  3 basilisks
  Sigmund (D:4)
  6 wyverns
  47 yaks
  Eustachio (D:8)
  10 vampire mosquitoes
  7 fire elementals
  2 hungry ghosts
  A soldier ant (D:15)
  A soldier ant (shapeshifter) (D:14)
  An acid dragon (D:15)
  7 swamp worms
  11 water moccasins
  3 porcupines
  6 hell hounds
  38 orc warriors
  A swamp drake (Swamp:2)
  6 sky beasts
  2 eyes of draining
  4 phantoms
  22 ice beasts
  A black bear (Lair:3)
  A necrophage (D:13)
  9 ogres
  4 boggarts (Lair:4)
  10 wolves
  17 centaurs
  8 crocodiles
  2 big kobolds
  23 bullfrogs
  2 gnoll sergeants (D:8)
  A vampire bat (D:7)
  12 wights
  An electric eel (Lair:2)
  A howler monkey (D:12)
  8 crimson imps
  A bullfrog zombie (D:13)
  4 lava snakes (D:13)
  4 bullfrog skeletons
  2 centaur zombies
  9 hounds
  7 jellies
  27 orc priests
  36 orc wizards
  2 quasits
  Crazy Yiuf (D:3)
  3 centaur skeletons
  Ijyb (D:3)
  4 iguanas
  Natasha (thrice) (D:3)
  9 worker ants
  5 hell rats (Lair:3)
  A killer bee zombie (D:7)
  A hound zombie (D:7)
  A hound skeleton (D:9)
  2 worker ant zombies (D:11)
  A howler monkey skeleton (D:6)
  A gnoll (D:4)
  21 adders
  3 shadow imps
  4 white imps (Lair:5)
  An ooze (D:3)
  A worm (D:4)
  2 adder skeletons
  4 dart slugs
  10 leopard geckos
  122 orcs
  4 ball pythons (D:2)
  18 bats
  6 giant cockroaches
  6 hobgoblins
  14 jackals
  11 kobolds
  7 quokkas
  A ball python skeleton (D:6)
  7 frilled lizards
  6 goblins
  2 leopard gecko skeletons
  A leopard gecko zombie (D:7)
  8 rats
  2 briar patches (Swamp:1)
  A fire vortex (D:13)
851 creatures vanquished.

Vanquished Creatures (others)
  A wizard (D:6)
  A briar patch (Swamp:1)
  A fungus (Lair:6)
  2 plants (Swamp:2)
5 creatures vanquished.

Grand Total: 856 creatures vanquished

Notes
Turn   | Place    | Note
-------+----------+-------------------------------------------
     0 | D:1      | hilaritas the Deep Dwarf Berserker began the quest for the Orb.
     0 | D:1      | Reached XP level 1. HP: 20/20 MP: 1/1
   214 | D:1      | Reached XP level 2. HP: 22/27 MP: 2/2
   523 | D:1      | Reached skill level 4 in Long Blades
   575 | D:2      | Reached ** piety under Trog
   576 | D:2      | Reached XP level 3. HP: 25/33 MP: 3/3
   940 | D:2      | Reached skill level 5 in Long Blades
   940 | D:2      | Reached XP level 4. HP: 40/40 MP: 4/4
  1149 | D:2      | Found a hide-covered altar of Uskayaw.
  1149 | D:2      | Found a glowing silver altar of Zin.
  1332 | D:3      | Reached XP level 5. HP: 28/46 MP: 5/5
  1404 | D:3      | Reached *** piety under Trog
  1434 | D:3      | Noticed Natasha
  1451 | D:3      | Killed Natasha
  1451 | D:3      | Reached skill level 6 in Long Blades
  1675 | D:3      | Found a runed door.
  1721 | D:3      | Noticed Natasha
  1726 | D:3      | Killed Natasha
  1883 | D:3      | Noticed Natasha
  1895 | D:3      | Killed Natasha
  2005 | D:3      | Noticed Ijyb
  2041 | D:3      | Killed Ijyb
  2041 | D:3      | Reached XP level 6. HP: 55/55 MP: 6/6
  2175 | D:3      | Reached skill level 7 in Long Blades
  2234 | D:3      | Noticed Crazy Yiuf
  2247 | D:3      | Killed Crazy Yiuf
  2493 | D:4      | Reached skill level 8 in Long Blades
  2493 | D:4      | Reached XP level 7. HP: 56/61 MP: 7/7
  2711 | D:4      | Found a staircase to the Ecumenical Temple.
  2939 | D:4      | Noticed Sigmund
  2948 | D:4      | Killed Sigmund
  2948 | D:4      | Reached skill level 9 in Long Blades
  3026 | D:5      | Entered Level 5 of the Dungeon
  3093 | D:5      | Found a shadowy altar of Dithmenos.
  3106 | D:5      | Reached XP level 8. HP: 54/68 MP: 8/8
  3214 | D:5      | Reached **** piety under Trog
  3259 | D:5      | Noticed simples's ghost (novice FoAK)
  3286 | D:5      | Killed simples's ghost
  3286 | D:5      | Reached skill level 10 in Long Blades
  3529 | D:6      | Found Diuric's General Store.
  3582 | D:6      | Bought 2 potions of heal wounds for 140 gold pieces
  3582 | D:6      | Bought a potion of invisibility for 112 gold pieces
  3852 | D:6      | Found Voun's Magic Scroll Boutique.
  3899 | D:6      | Found Kics's Gadget Emporium.
  3917 | D:6      | Found Ixixa's Distillery.
  3931 | D:6      | Found a sacrificial altar of Ru.
  3931 | D:6      | Found an ancient bone altar of Kikubaaqudgha.
  3937 | D:6      | Found a shadowy altar of Dithmenos.
  3937 | D:6      | Found a burning altar of Makhleb.
  4018 | D:6      | Found a bloodstained altar of Trog.
  4021 | D:6      | Noticed a wizard
  4026 | D:6      | Killed a wizard
  4070 | D:6      | Gained mutation: You passively map the area around you. [Deep Dwarf growth]
  4070 | D:6      | Reached XP level 9. HP: 73/79 MP: 9/9
  4165 | D:6      | Found Busas's Book Boutique.
  4313 | D:7      | Found a white marble altar of Elyvilon.
  4324 | D:7      | Reached skill level 5 in Armour
  4346 | D:7      | Reached skill level 5 in Fighting
  4351 | D:7      | You fall through a shaft for 2 floors!
  5215 | D:8      | You fall through a shaft!
  5255 | D:8      | Reached ***** piety under Trog
  5270 | D:8      | Found a staircase to the Lair.
  5296 | D:8      | Found a hazy altar of Hepliaklqana.
  5349 | D:8      | Noticed Eustachio
  5406 | D:8      | Killed Eustachio
  5406 | D:8      | Reached XP level 10. HP: 71/94 MP: 10/10
  6116 | D:9      | Noticed Thaneod's ghost (journeyman MiFi)
  6132 | D:9      | Killed Thaneod's ghost
  6196 | D:9      | Noticed a two-headed ogre
  6247 | D:9      | Killed a two-headed ogre
  6826 | D:10     | Entered Level 10 of the Dungeon
  6940 | D:9      | Noticed a two-headed ogre
  6946 | D:9      | Killed a two-headed ogre
  7006 | Lair:1   | Entered Level 1 of the Lair of Beasts
  7048 | Lair:1   | Noticed ThereIsNoGod's ghost (journeyman TrFi)
  7051 | Lair:1   | Found a frozen archway.
  7075 | Lair:1   | Killed ThereIsNoGod's ghost
  7097 | Lair:1   | Reached skill level 10 in Armour
  7097 | Lair:1   | Reached XP level 11. HP: 10/108 MP: 11/11
  7098 | Lair:1   | HP: 1/108 [ice devil (10)]
  7106 | IceCv    | Entered an ice cave
  7118 | IceCv    | Reached skill level 10 in Fighting
  7143 | IceCv    | Noticed karf's ghost (journeyman GrFi)
  7160 | IceCv    | Killed karf's ghost
  7160 | IceCv    | Reached skill level 5 in Dodging
  7371 | IceCv    | Noticed an ice dragon
  7372 | IceCv    | Noticed an ice dragon
  7388 | IceCv    | Killed an ice dragon
  7388 | IceCv    | Reached skill level 11 in Long Blades
  7395 | IceCv    | Killed an ice dragon
  7904 | D:10     | Received a gift from Trog
  7984 | D:10     | Reached skill level 12 in Long Blades
  8162 | D:10     | Killed an unseen horror
  8162 | D:10     | Reached XP level 12. HP: 53/117 MP: 10/10
  8711 | D:11     | Reached skill level 13 in Long Blades
  8932 | D:11     | Found Daecifyxt's Food Shop.
  9458 | D:12     | Found Nageti's Armour Boutique.
  9508 | D:12     | Noticed a seven-headed hydra
  9585 | D:12     | Noticed a two-headed ogre
  9590 | D:12     | Noticed a two-headed ogre
  9599 | D:12     | Killed a two-headed ogre
  9601 | D:12     | Killed a two-headed ogre
  9705 | D:12     | Found a staircase to the Orcish Mines.
  9851 | D:12     | Killed a seven-headed hydra
  9851 | D:12     | Reached skill level 14 in Long Blades
 10022 | D:12     | Noticed a two-headed ogre
 10027 | D:12     | Killed a two-headed ogre
 10035 | D:12     | Found an opulent altar of Gozag.
 10166 | D:12     | Noticed a death knight
 10179 | D:12     | Killed a death knight
 10785 | D:13     | Noticed a two-headed ogre
 10801 | D:13     | Killed a two-headed ogre
 10827 | D:13     | Reached skill level 15 in Long Blades
 10843 | D:13     | Reached XP level 13. HP: 105/127 MP: 10/10
 10868 | D:13     | Found a gate to the Vaults.
 11566 | Lair:1   | Noticed Sonja
 11574 | Lair:1   | Killed Sonja
 11574 | Lair:1   | Reached skill level 16 in Long Blades
 11732 | Lair:1   | Got a slimy falchion
 11733 | Lair:1   | Identified the +3 falchion of Qetymihe {flame, Dex+4} (You found it on level 1 of the Lair of Beasts)
 12615 | Lair:2   | Found a staircase to the Swamp.
 12756 | Lair:3   | Found a labyrinth entrance.
 12763 | Lab      | Entered a labyrinth
 13392 | Lab      | Noticed a minotaur
 13402 | Lab      | Killed a minotaur
 13411 | Lab      | Got a scorched plate armour
 13422 | Lab      | Identified the +6 plate armour of the Vacuum {MP-9 Str+3 Dex+6} (You found it in a labyrinth)
 14068 | Lair:4   | Found a staircase to the Snake Pit.
 14304 | Lair:4   | Reached skill level 17 in Long Blades
 15691 | Lair:6   | Entered Level 6 of the Lair of Beasts
 15711 | Lair:6   | Gained mutation: You resist negative energy. (rN+) [Deep Dwarf growth]
 15711 | Lair:6   | Reached XP level 14. HP: 112/136 MP: 8/8
 15756 | Lair:6   | Found a staircase to the Slime Pits.
 16052 | Lair:6   | Noticed Rupert
 16064 | Lair:6   | Killed Rupert
 16064 | Lair:6   | Reached skill level 18 in Long Blades
 16289 | Lair:6   | Found a burning altar of Makhleb.
 16314 | Lair:6   | Received a gift from Trog
 16343 | Lair:6   | Found a gateway to Hell.
 16819 | Lair:6   | Gained mutation: You are robust. (+10% HP) [potion of mutation]
 16819 | Lair:6   | Gained mutation: You have large cloven feet. [potion of mutation]
 16819 | Lair:6   | Gained mutation: Your body sometimes deteriorates upon taking damage. [potion of mutation]
 16819 | Lair:6   | Gained mutation: You possess an exceptional clarity of mind. [potion of mutation]
 16820 | Lair:6   | Lost mutation: You possess an exceptional clarity of mind. [potion of mutation]
 16820 | Lair:6   | Lost mutation: Your body sometimes deteriorates upon taking damage. [potion of mutation]
 16820 | Lair:6   | Lost mutation: You have large cloven feet. [potion of mutation]
 16820 | Lair:6   | Gained mutation: You occasionally shout uncontrollably at your foes. [potion of mutation]
 16820 | Lair:6   | Gained mutation: Your body sometimes deteriorates upon taking damage. [potion of mutation]
 16820 | Lair:6   | Gained mutation: You are agile. (Dex +2) [potion of mutation]
 16821 | Lair:6   | Lost mutation: You are agile. (Dex +2) [potion of mutation]
 16821 | Lair:6   | Lost mutation: Your body sometimes deteriorates upon taking damage. [potion of mutation]
 16821 | Lair:6   | Lost mutation: You occasionally shout uncontrollably at your foes. [potion of mutation]
 16821 | Lair:6   | Lost mutation: You are robust. (+10% HP) [potion of mutation]
 16821 | Lair:6   | Gained mutation: You are weak. (Str -2) [potion of mutation]
 16821 | Lair:6   | Gained mutation: You have a pair of small horns on your head. [potion of mutation]
 17693 | D:14     | Reached skill level 19 in Long Blades
 18021 | D:15     | Entered Level 15 of the Dungeon
 18068 | D:15     | Reached XP level 15. HP: 89/146 MP: 8/8
 18081 | D:15     | Found a staircase to the Depths.
 18774 | Orc:1    | Entered Level 1 of the Orcish Mines
 19481 | Orc:2    | Entered Level 2 of the Orcish Mines
 19533 | Orc:2    | Noticed Josephine
 19542 | Orc:2    | Killed Josephine
 19624 | Orc:2    | Found a staircase to the Elven Halls.
 19644 | Orc:2    | Reached skill level 20 in Long Blades
 19792 | Orc:2    | Noticed Azrael
 19804 | Orc:2    | Killed Azrael
 20118 | Orc:2    | Found a roughly hewn altar of Beogh.
 20119 | Orc:2    | Found Jatucis's Assorted Antiques.
 20147 | Orc:2    | Bought a scroll of magic mapping for 108 gold pieces
 20269 | Orc:2    | Found a roughly hewn altar of Beogh.
 20287 | Orc:2    | Found Kyfo's General Store.
 20446 | Orc:2    | Received a gift from Trog
 20469 | Orc:2    | Reached ****** piety under Trog
 20507 | Orc:2    | Noticed Saint Roka
 20545 | Orc:2    | Killed Saint Roka
 20737 | Orc:2    | Found Dinog's Antique Weapon Emporium.
 20738 | Orc:2    | Found a roughly hewn altar of Beogh.
 20739 | Orc:2    | Found Bisheana's Antique Armour Shoppe.
 20943 | Orc:2    | Bought a potion of curing for 33 gold pieces
 20943 | Orc:2    | Bought a potion of curing for 33 gold pieces
 20943 | Orc:2    | Bought a scroll of blinking for 82 gold pieces
 21016 | Orc:2    | Bought a scroll of teleportation for 93 gold pieces
 21016 | Orc:2    | Bought a potion of haste for 310 gold pieces
 21016 | Orc:2    | Bought a scroll of teleportation for 93 gold pieces
 21203 | D:6      | Bought a scroll of enchant armour for 105 gold pieces
 21203 | D:6      | Bought a scroll of fear for 49 gold pieces
 21203 | D:6      | Bought a scroll of blinking for 105 gold pieces
 21203 | D:6      | Bought a scroll of blinking for 105 gold pieces
 21203 | D:6      | Bought a scroll of identify for 28 gold pieces
 21203 | D:6      | Bought a scroll of teleportation for 42 gold pieces
 21203 | D:6      | Bought a scroll of torment for 105 gold pieces
 21203 | D:6      | Bought a scroll of identify for 28 gold pieces
 21203 | D:6      | Bought a scroll of enchant armour for 105 gold pieces
 21230 | D:6      | Bought a scroll of teleportation for 42 gold pieces
 21230 | D:6      | Bought a scroll of teleportation for 42 gold pieces
 21230 | D:6      | Bought a scroll of recharging for 133 gold pieces
 21270 | D:6      | Bought a potion of cancellation for 112 gold pieces
 21270 | D:6      | Bought a potion of resistance for 140 gold pieces
 21270 | D:6      | Bought a potion of mutation for 112 gold pieces
 21270 | D:6      | Bought 2 potions of haste for 280 gold pieces
 21270 | D:6      | Bought a potion of mutation for 112 gold pieces
 21270 | D:6      | Bought a potion of mutation for 112 gold pieces
 21270 | D:6      | Bought a potion of cancellation for 112 gold pieces
 21270 | D:6      | Bought a potion of haste for 140 gold pieces
 21270 | D:6      | Bought a potion of mutation for 112 gold pieces
 21270 | D:6      | Bought a potion of heal wounds for 70 gold pieces
 21270 | D:6      | Bought a potion of invisibility for 112 gold pieces
 21276 | D:6      | Lost mutation: You have a pair of small horns on your head. [potion of mutation]
 21276 | D:6      | Lost mutation: You are weak. (Str -2) [potion of mutation]
 21276 | D:6      | Gained mutation: Your mind is acute. (Int +2) [potion of mutation]
 21276 | D:6      | Gained mutation: You have sharp toenails. [potion of mutation]
 21276 | D:6      | Gained mutation: Your spells are a little harder to cast, but a little more powerful. [potion of mutation]
 21276 | D:6      | Gained mutation: Your flesh is heat resistant. (rF+) [potion of mutation]
 21396 | Swamp:1  | Entered Level 1 of the Swamp
 21410 | Swamp:1  | Received a gift from Trog
 21814 | Swamp:1  | Noticed a thorn hunter
 21831 | Swamp:1  | Killed a thorn hunter
 22329 | Swamp:2  | Received a gift from Trog
 22394 | Swamp:2  | Reached XP level 16. HP: 146/160 MP: 7/7
 22446 | Swamp:2  | HP: 12/240 [titanic slime creature (25)]
 22448 | Swamp:2  | Annihilated by a titanic slime creature

Skill      XL: |  1  2  3  4  5  6  7  8  9 10 11 12 13 14 15 |
---------------+----------------------------------------------+-----
Long Blades    | 4 5 6 8 9 10 12 15 17 19 20 | 20.0
Fighting       | 4 7 9 10 11 12 14 | 14.4
Armour         | 4 8 10 11 | 11.4
Dodging        | 7 |  7.2

Action                   |  1- 3 |  4- 6 |  7- 9 | 10-12 | 13-15 | 16-18 || total
-------------------------+-------+-------+-------+-------+-------+-------++-------
Melee: Falchion          |    91 |   270 |   388 |     3 |    94 |       ||   846
       Long sword        |       |       |   184 |       |       |       ||   184
       Great sword       |       |       |       |   641 |  1235 |    26 ||  1902
       Rapier            |       |       |       |     4 |       |       ||     4
       Scimitar          |       |       |       |       |     5 |       ||     5
       Headbutt          |       |       |       |       |   110 |       ||   110
Throw: Tomahawk          |       |       |     8 |    18 |     1 |       ||    27
Invok: Trog's Hand       |     1 |     4 |     9 |    24 |    61 |     1 ||   100
       Berserk           |       |     1 |     1 |     9 |    12 |     1 ||    24
 Abil: Heal Wounds       |       |       |       |    20 |    17 |       ||    37
  Use: Scroll            |       |     9 |     4 |     7 |    24 |       ||    44
       Potion            |       |       |       |     2 |     4 |     1 ||     7
 Stab: Sleeping          |     2 |     2 |       |       |       |       ||     4
  Eat: Chunk             |     1 |     7 |    12 |    34 |    64 |       ||   118
       Royal jelly       |       |       |     1 |     3 |     4 |       ||     8
       Fruit             |       |       |       |       |     2 |       ||     2
Armor: Animal skin       |    25 |    29 |       |       |       |       ||    54
       Chain mail        |       |    81 |   307 |   525 |    29 |       ||   942
       Crystal plate arm |       |       |       |       |  1014 |     8 ||  1022
Dodge: Dodged            |    67 |   157 |   250 |   469 |   515 |     6 ||  1464
       Deflected         |       |       |       |       |    27 |       ||    27
       Rpst.: Falchion   |    19 |    44 |    53 |       |    13 |       ||   129
       Long sword        |       |       |    26 |       |       |       ||    26
       Great sword       |       |       |       |   127 |   134 |     1 ||   262
